 Dungeon Crawl Stone Soup version 0.30.0-29-ga12c61a403 (webtiles) character file.

Game seed: 7242611765455946651

24077 McKennaii the Fighter (level 12, -6/105 HPs)
             Began as a Demonspawn Fighter on June 4, 2023.
             Was a Believer of Qazlal.
             Mangled by Azrael
             ... wielding a +3 scimitar of flaming
              (7 damage)
             ... on level 13 of the Dungeon.
             The game lasted 00:17:53 (14375 turns).

McKennaii the Fighter (Demonspawn Fighter)         Turns: 14375, Time: 00:17:54

Health: -6/105     AC: 24    Str: 22    XL:     12   Next: 77%
Magic:  12/12      EV:  8    Int: 10    God:    Qazlal [**....]
Gold:   876        SH:  3    Dex: 12    Spells: 11/11 levels left

rFire   . . .        G - +13 scythe of Curses {drain, curses, Drain}
rCold   + . .        (shield currently unavailable)
rNeg    + . .        r - +0 chain mail {Will+}
rPois   +            C - +0 helmet
rElec   +            g - +1 cloak
rCorr   .            h - +2 pair of gloves
SInv    .            n - +0 pair of boots
Will    +....        L - amulet of Elitism {Acrobat +Inv rElec rC+ Stlth+} Stlth
                     i - ring of positive energy
HPRegen 0.37/turn    N - +4 ring of slaying
MPRegen 0.13/turn

%: acrobat
@: no status effects
A: slimy green scales 3, icemail 1, spiny 1, condensation shield, weakness
stinger 1
a: Renounce Religion, Evoke Invisibility, Upheaval


You were on level 13 of the Dungeon.
You worshipped Qazlal.
Qazlal was pleased with you.
You visited 2 branches of the dungeon, and saw 14 of its levels.
You also visited: Ossuary.

You collected 876 gold pieces.

Inventory:

Hand Weapons
 a - a +0 trident
 G - the +13 scythe of Curses (weapon) {drain, curses, Drain}
   (You found it on level 8 of the Dungeon)

   Drain:     It drains your maximum health when unequipped.
Armour
 c - a +0 buckler
 g - a +1 cloak (worn)
 h - a +2 pair of gloves (worn)
 n - a +0 pair of boots (worn)
 r - a +0 chain mail of willpower (worn)
 C - a +0 helmet (worn)
Jewellery
 i - a ring of positive energy (left hand)
 z - a ring of see invisible
 L - the amulet of Elitism (around neck) {Acrobat +Inv rElec rC+ Stlth+}
   (You found it on level 11 of the Dungeon)

   [amulet of the acrobat]

   It increases your evasion while moving and waiting.
   rC:        It protects you from cold.
   rElec:     It insulates you from electricity.
   +Inv:      It lets you turn invisible.
   Stlth:     It makes you more stealthy.
 N - a +4 ring of slaying (right hand)
Wands
 m - a wand of flame (8)
 y - a wand of roots (19)
 A - a wand of charming (13)
 I - a wand of polymorph (6)
 M - a wand of acid (4)
Scrolls
 b - 6 scrolls of enchant weapon
 f - 4 scrolls of fear
 k - 7 scrolls of teleportation {unknown}
 p - 2 scrolls of brand weapon
 q - 4 scrolls of noise {unknown}
 t - 4 scrolls of amnesia {unknown}
 x - a scroll of vulnerability {unknown}
 B - a scroll of blinking {unknown}
 D - 3 scrolls of enchant armour {unknown}
 E - a scroll of immolation {unknown}
 H - 2 scrolls of magic mapping {unknown}
 O - a scroll of identify
Potions
 d - 3 potions of might
 e - 5 potions of mutation {unknown}
 j - 10 potions of haste
 l - 15 potions of curing
 o - 2 potions of lignification {unknown}
 s - 3 potions of attraction {unknown}
 u - 4 potions of brilliance
 v - 4 potions of heal wounds {unknown}
 w - 3 potions of flight {unknown}
 F - a potion of ambrosia {unknown}
 J - 2 potions of degeneration {unknown}
 K - a potion of resistance {unknown}


   Skills:
 + Level 13.3 Fighting
 + Level 12.9 Polearms
 - Level 10.0 Armour
 - Level 4.0 Shields


You had 11 spell levels left.
You didn't know any spells.
Your spell library contained the following spells:

 Spells                   Type           Power      Damage    Failure   Level
 Lesser Beckoning         Tloc           0%         N/A       95%         2
 Gell's Gravitas          Tloc           0%         N/A       99%         3
 Inner Flame              Hex/Fire       0%         N/A       99%         3
 Ozocubu's Armour         Ice            0%         N/A       99%         3
 Stone Arrow              Conj/Erth      0%         3d7       99%         3
 Teleport Other           Tloc           0%         N/A       99%         3
 Animate Armour           Summ/Erth      0%         N/A       100%        4
 Flame Wave               Conj/Fire      0%         2d4       100%        4
 Sticky Flame             Conj/Fire      0%         2d3       100%        4
 Ozocubu's Refrigeration  Ice            0%         4d7       100%        7
 Lehudib's Crystal Spear  Conj/Erth      0%         10d2      100%        8


Dungeon Overview and Level Annotations

Branches:
Dungeon (13/15)            Temple (1/1) D:5            Lair (0/5) D:8
    Orc (0/2) D:10         Vaults (0/5) D:13        Ossuary (visited)

Altars:
Ashenzari
Cheibriados
Dithmenos
Fedhas
Gozag
Hepliaklqana
Kikubaaqudgha
Makhleb
Nemelex Xobeh
Okawaru
Qazlal
Ru
Sif Muna
Trog
Uskayaw
Vehumet
Wu Jian
Yredelemnul

Annotations:
D:13 Azrael


Innate Abilities, Weirdness & Mutations

You are completely covered in slimy green scales. (AC +4, rPois)
A meltable icy envelope protects you from harm. (AC +0)
You are partially covered in sharp spines.
A meltable shield of frost defends you. (SH +0)
You have a small tail.


Message History

You completely miss Azrael.
Azrael is lightly wounded.
Azrael hits you but does no damage.
Azrael hits you with a +3 scimitar of flaming!
Azrael burns you.
You are too injured to fight recklessly!
You are too injured to fight recklessly!
You impale Azrael!!
Azrael is moderately wounded.
Azrael blows smoke rings.
Azrael is struck by your spines.
Azrael hits you with a +3 scimitar of flaming.
Azrael burns you.
You puncture Azrael!
Azrael is heavily wounded.
You block Azrael's attack.
You slash Azrael!
Azrael is severely wounded.
Azrael hits you with a +3 scimitar of flaming.
Azrael burns you. You block Azrael's attack.
You hit Azrael.
Azrael is severely wounded.
Azrael gestures at you.
The sphere of damnation explodes!
The damnation engulfs you!!
* * * LOW HITPOINT WARNING * * *
The damnation engulfs Azrael.
Azrael completely resists.
You hear an angry buzzing noise.
You completely miss Azrael.
Azrael is severely wounded.
Azrael barely misses you.
Unknown command.
You slash Azrael!
Azrael is severely wounded.
Azrael gestures at you.
The sphere of damnation explodes!
The damnation engulfs you!!
* * * LOW HITPOINT WARNING * * *
The damnation engulfs Azrael.
Azrael completely resists.
Azrael is struck by your spines.
Azrael hits you with a +3 scimitar of flaming!
You die...

##...####....................R...
#...#######..#######.........°...
....#$....#..#....$# .......○...
.####.....#..#.....# .......C○..
## #.....#..#.....# ........°..
#.....(..'.....# ........C..
#.....'..'.....# ...........
#######..#######..........○.°
........†..@R..............○
..........°°...............○
###''#..#''####..........°.○
.....#..#.... .........○..
.....#..#..... ........○... ..[.
#..#.....# ......°○.... ...
#..#.....# ....○°○°.)..
#..#....∩# ...○..°.....
..☼°.°......


You could see Azrael.

Vanquished Creatures
  Rupert (D:13)
  Nessos (D:13)
  Erolcha (D:9)
  A centaur warrior (D:13)
  A boulder beetle (D:11)
  A two-headed ogre (D:12)
  Erica (D:8)
  A tengu warrior (D:12)
  Nergalle (D:12)
  Amaemon (D:11)
  A cyclops (D:13)
  An orange demon (D:11)
  2 gargoyles
  Maggie (D:6)
  Psyche (D:12)
  2 unseen horrors
  4 kobold demonologists (D:11)
  A tengu conjurer (D:12)
  A komodo dragon (D:8)
  A queen bee (shapeshifter) (D:9)
  2 trolls
  2 hornets (D:9)
  11 slime creatures
  A vampire (D:5)
  2 shadows (D:10)
  3 wraiths
  A culicivora (shapeshifter) (D:13)
  4 fire elementals
  9 yaks
  4 wyverns
  A basilisk (D:12)
  3 acid dragons
  Menkaure (D:6)
  3 hell hounds
  3 water moccasins
  Duvessa (D:7)
  7 orc warriors
  An ice beast (D:5)
  4 black bears
  2 ogres (D:5)
  9 centaurs
  2 kobold brigands
  A gnoll sergeant (D:12)
  3 bullfrogs
  An earth elemental (D:11)
  12 scorpions
  Dowan (D:7)
  22 killer bees
  An electric eel (D:9)
  3 jellies
  5 centaur zombies (Ossuary)
  2 hounds
  6 orc priests
  7 scorpion zombies (Ossuary)
  4 iguanas
  A sleepcap (D:6)
  Natasha (thrice) (D:4)
  19 orc wizards
  4 mummies
  7 gnolls
  6 adders
  3 white imps
  A worm (D:8)
  5 dart slugs
  42 orcs
  9 bats
  6 endoplasms
  5 giant cockroaches
  13 goblins
  8 hobgoblins
  2 quokkas (D:1)
  6 ball pythons
  17 frilled lizards
  3 gnoll zombies (Ossuary)
  3 goblin zombies (Ossuary)
  13 kobolds
  2 orc zombies (Ossuary)
  3 rats
350 creatures vanquished.

Vanquished Creatures (others)
  An air elemental (D:11)
  A water elemental (D:11)
  A butterfly (D:5)
3 creatures vanquished.

Grand Total: 353 creatures vanquished

Notes
Turn   | Place    | Note
-------+----------+-------------------------------------------
     0 | D:1      | McKennaii the Demonspawn Fighter began the quest for the
                  | Orb.
     0 | D:1      | Reached XP level 1. HP: 18/18 MP: 1/1
   140 | D:1      | Gained mutation: You are partially covered in sharp spines.
                  | [demonic ancestry]
   140 | D:1      | Reached XP level 2. HP: 23/24 MP: 2/2
   437 | D:1      | Gained mutation: You have a small tail. [demonic ancestry]
   437 | D:1      | Reached XP level 3. HP: 29/29 MP: 3/3
  1603 | D:3      | Gained mutation: A meltable shield of frost defends you.
                  | (SH +0) [demonic ancestry]
  1603 | D:3      | Reached XP level 4. HP: 35/35 MP: 4/4
  2411 | D:4      | Reached XP level 5. HP: 39/42 MP: 5/5
  2481 | D:4      | Noticed Natasha
  2487 | D:4      | Killed Natasha
  2502 | D:4      | Noticed Natasha
  2504 | D:4      | Found an iron altar of Okawaru.
  2509 | D:4      | Killed Natasha
  2510 | D:4      | Reached skill level 4 in Fighting
  2535 | D:4      | Noticed Natasha
  2541 | D:4      | Killed Natasha
  2590 | D:4      | Found a blossoming altar of Fedhas.
  2778 | D:5      | Entered Level 5 of the Dungeon
  2785 | D:5      | Reached XP level 6. HP: 48/48 MP: 6/6
  2849 | D:5      | Found a staircase to the Ecumenical Temple.
  2887 | D:5      | Noticed an ice beast
  2896 | D:5      | Killed an ice beast
  2964 | D:5      | Noticed a vampire
  3081 | D:5      | Gained mutation: You are partially covered in slimy green
                  | scales. (AC +2) [demonic ancestry]
  3081 | D:5      | Reached XP level 7. HP: 53/55 MP: 7/7
  3118 | D:5      | Reached skill level 5 in Fighting
  3119 | D:5      | Found a sand-covered staircase.
  3132 | Ossuary  | Entered an ossuary
  3321 | Ossuary  | Reached skill level 5 in Armour
  3364 | Ossuary  | Reached skill level 5 in Polearms
  3364 | Ossuary  | Gained mutation: You are mostly covered in slimy green
                  | scales. (AC +3) [demonic ancestry]
  3364 | Ossuary  | Reached XP level 8. HP: 58/64 MP: 8/8
  3405 | Ossuary  | Reached skill level 6 in Fighting
  3975 | D:5      | Reached skill level 7 in Fighting
  4195 | D:5      | Reached XP level 9. HP: 68/72 MP: 9/9
  4606 | D:6      | Found a hazy altar of Hepliaklqana.
  5086 | D:6      | Found a broken altar of Ashenzari.
  5096 | D:6      | Found a basalt altar of Yredelemnul.
  5099 | D:6      | Found a burning altar of Makhleb.
  5185 | D:6      | Noticed Menkaure
  5195 | D:6      | Killed Menkaure
  5232 | D:6      | Noticed Maggie
  5250 | D:6      | Killed Maggie
  5414 | D:6      | Reached skill level 8 in Fighting
  6122 | D:7      | Noticed Duvessa
  6123 | D:7      | Noticed Dowan
  6134 | D:7      | Killed Dowan
  6144 | D:7      | Killed Duvessa
  6735 | D:8      | Found an opulent altar of Gozag.
  7062 | D:8      | Gained mutation: A meltable icy envelope protects you from
                  | harm. (AC +0) [demonic ancestry]
  7062 | D:8      | Reached XP level 10. HP: 79/82 MP: 10/10
  7155 | D:8      | Found a snail-covered altar of Cheibriados.
  7155 | D:8      | Noticed Erica
  7182 | D:8      | Killed Erica
  7183 | D:8      | Reached skill level 9 in Fighting
  8014 | D:8      | Found a staircase to the Lair.
  8014 | D:8      | Found the +13 scythe of Curses {drain, curses, Drain}
  8455 | D:9      | Noticed Erolcha
  8463 | D:9      | Killed Erolcha
  8563 | D:9      | Reached skill level 10 in Fighting
  8574 | D:9      | Found an ornate altar of the Wu Jian Council.
  8675 | D:9      | Reached XP level 11. HP: 81/90 MP: 11/11
  8771 | D:9      | Found a shimmering blue altar of Sif Muna.
  8896 | D:9      | Found a hide-covered altar of Uskayaw.
  8976 | D:9      | Found a bloodstained altar of Trog.
  9128 | D:10     | Entered Level 10 of the Dungeon
  9425 | Temple   | Entered the Ecumenical Temple
  9560 | Temple   | Became a worshipper of Qazlal Stormbringer
 10032 | D:10     | Found a staircase to the Orcish Mines.
 10173 | D:10     | Found an ancient bone altar of Kikubaaqudgha.
 10251 | D:10     | Reached skill level 10 in Polearms
 10254 | D:10     | Reached * piety under Qazlal
 10509 | D:11     | Noticed a boulder beetle
 10526 | D:11     | Killed a boulder beetle
 11173 | D:11     | Noticed Amaemon
 11181 | D:11     | Killed Amaemon
 11182 | D:11     | Reached skill level 11 in Fighting
 11182 | D:11     | Reached skill level 10 in Armour
 11230 | D:11     | Identified the amulet of Elitism {Acrobat +Inv rElec rC+
                  | Stlth+}
 11461 | D:11     | Found a large runed translucent door.
 11465 | D:11     | Found a large runed translucent door.
 12451 | D:12     | Noticed a two-headed ogre
 12455 | D:12     | Killed a two-headed ogre
 12456 | D:12     | Gained mutation: You are completely covered in slimy green
                  | scales. (AC +4, rPois) [demonic ancestry]
 12456 | D:12     | Reached XP level 12. HP: 82/100 MP: 12/12
 12701 | D:12     | Noticed Nergalle
 12707 | D:12     | Killed Nergalle
 12788 | D:12     | Reached ** piety under Qazlal
 12846 | D:12     | Noticed Psyche
 12858 | D:12     | Killed Psyche
 12859 | D:12     | Reached skill level 12 in Fighting
 13326 | D:13     | Noticed a tengu warrior
 13340 | D:12     | Killed a tengu warrior
 13502 | D:13     | Noticed a centaur warrior
 13676 | D:13     | Killed a centaur warrior
 13678 | D:13     | Noticed Rupert
 13930 | D:13     | Killed Rupert
 13939 | D:13     | Noticed Azrael
 13952 | D:13     | Noticed an ironbound preserver
 13964 | D:12     | Reached skill level 13 in Fighting
 14247 | D:13     | Noticed Nessos
 14256 | D:13     | Killed Nessos
 14323 | D:13     | Noticed an angel
 14364 | D:13     | Found a gate to the Vaults.
 14375 | D:13     | HP: 1/105 [Azrael/damnation (18)]
 14375 | D:13     | Mangled by Azrael

Illustrated notes

Levels and vault maps discovered:
D:1:      dpeg_arrival_shelter, layout_loops_ring, minmay_lizard_king
D:2:      layout_basic
D:3:      layout_loops_ring, kennysheep_doodads, minivault_26
D:4:      layout_rooms, mainiacjoe_overflow_alcove_4, fedhas_altar_2,
          mainiacjoe_overflow_small_starburst, minmay_goblin_outpost,
          uniq_natasha
D:5:      layout_loops_ring, nicolae_elyvilon_peaceful_grove,
          minmay_temple_entry_nine_rooms, gup_ossuary_entry_pyramid,
          minmay_misc_feat_roman
D:6:      layout_loops_cross, lemuel_doored_altar, tgw_xom, minitemple,
          uniq_menkaure, uniq_maggie
D:7:      layout_gridville, serial_rivers, chequers_serial_rivers_micro_c,
          chequers_serial_rivers_micro_e, chequers_serial_rivers_marsh,
          chequers_serial_rivers_micro_e, chequers_serial_rivers_small_a,
          chequers_serial_rivers_small_b, nrook_loot_triangle,
          dreamdust_gnoll_farm, uniq_duvessa
D:8:      layout_basic, slow_altar_1, mainiacjoe_overflow_boulevard,
          erik_lair_dragon, uniq_erica
D:9:      layout_loops_ring, general_overflow_altar, nzn_wu_jian_contemplation,
          nicolae_overflow_squiral, minmay_curled_crystal, uniq_erolcha
D:10:     layout_basic, kennysheep_mini, david_orc_4, kennysheep_dice
D:11:     layout_cave_pods, lightli_elemental_guards, uniq_amaemon
D:12:     layout_stronghold, uniq_nergalle, uniq_psyche
D:13:     layout_layer_cave, skrybe_vaults_entry_preservation, zin_angel,
          uniq_rupert, uniq_azrael, uniq_nessos, uniq_sonja
Temple:   nicolae_temple_two_arcs

Skill      XL: |  1  2  3  4  5  6  7  8  9 10 11 12 |
---------------+-------------------------------------+-----
Polearms       | 2 3 4 5 6 7 9 11 12 | 12.9
Armour         | 3 4 5 6 7 9 10 | 10.0
Shields        | 3 4 |  4.0
Fighting       | 4 5 7 8 10 11 13 | 13.3

Action                     |  1- 3 |  4- 6 |  7- 9 | 10-12 || total
---------------------------+-------+-------+-------+-------++-------
  Melee: Trident           |   134 |   118 |   434 |   129 ||   815
         Tailslap          |     6 |    11 |    62 |    55 ||   134
         Scythe            |       |       |       |   293 ||   293
  Evoke: Wand              |       |       |       |     7 ||     7
    Use: Scroll            |       |     3 |     1 |       ||     4
         Potion            |       |       |     2 |       ||     2
 Armour: Scale mail        |    32 |       |       |       ||    32
         Plate armour      |    34 |    15 |       |       ||    49
         Chain mail        |       |    25 |   257 |   370 ||   652
  Dodge: Dodged            |    27 |    20 |   123 |   230 ||   400
  Block: Buckler           |    17 |    27 |   169 |    43 ||   256
         Other             |       |       |       |   108 ||   108
